 Dungeon Crawl Stone Soup version 0.28.0-43-g3370ac3207 (webtiles) character file.

Game seed: 15999290097341815812

58 nickcage the Digger (level 4, -4/24 HPs)
             Began as a Gargoyle Earth Elementalist on Mar 7, 2022.
             Killed from afar by Sigmund (9 damage)
             ... with a puff of flame
             ... on level 2 of the Dungeon.
             The game lasted 00:10:42 (3148 turns).

nickcage the Digger (Gargoyle Earth Elementalist)   Turns: 3148, Time: 00:10:42

Health: -4/24      AC:  6    Str: 12    XL:     4   Next: 1%
Magic:  2/8        EV: 11    Int: 17    God:
Gold:   208        SH:  0    Dex: 10    Spells: 4/8 levels left

rFire   . . .      SeeInvis .   g - +0 short sword
rCold   . . .      Faith    .   (no shield)
rNeg    + . .      Spirit   .   b - +0 robe
rPois   ∞          Reflect  .   (no helmet)
rElec   +          Harm     .   k - +0 cloak
rCorr   .          Rampage  .   (no gloves)
Will    .....                   (no boots)
Stlth   ++........              (no amulet)
HPRegen 0.08/turn               (no ring)
MPRegen 0.11/turn               (no ring)

@: no status effects
A: sickness immunity, AC +3, negative energy resistance 1, electricity
resistance, torment resistance 1, petrification resistance
a: no special abilities


You were on level 2 of the Dungeon.
You visited 1 branch of the dungeon, and saw 4 of its levels.

You collected 208 gold pieces.

Inventory:

Hand Weapons
 g - a +0 short sword (weapon)
Missiles
 i - 103 stones
Armour
 b - a +0 robe (worn)
 c - a +0 ring mail
 k - a +0 cloak (worn)
 p - a +0 helmet
Scrolls
 d - a scroll of fog {unknown}
 e - a scroll of vulnerability {unknown}
 f - a scroll of acquirement {unknown}
 m - 2 scrolls of blinking
 n - 2 scrolls of identify {unknown}
 q - a scroll of enchant weapon {unknown}
 s - 2 scrolls of fear {unknown}
Potions
 a - a potion of might {unknown}
 h - a potion of haste {unknown}
 j - a potion of attraction {unknown}
 l - 2 potions of heal wounds {unknown}
 o - 2 potions of curing {unknown}
 r - a potion of degeneration {unknown}


   Skills:
 - Level 1.5 Dodging
 - Level 2.1 Stealth
 + Level 2.8 Spellcasting
 - Level 0.7 Transmutations
 * Level 5.0 Earth Magic


You had 4 spell levels left.
You knew the following spells:

 Your Spells              Type           Power      Damage    Failure   Level
a - Sandblast             Erth           38%        2d10      2%          1
b - Stone Arrow           Conj/Erth      22%        3d8       19%         3

Your spell library contained the following spells:

 Spells                   Type           Power      Damage    Failure   Level
 Passwall                 Tmut/Erth      10%        N/A       9%          2
 Petrify                  Tmut/Erth      12%        N/A       47%         4


Dungeon Overview and Level Annotations

Branches:
Dungeon (4/15)
 Temple: D:4-7

Altars:

Annotations:
D:2 Sigmund


Innate Abilities, Weirdness & Mutations

You are immune to sickness and miasma.
Your stone body is resilient. (AC +3)
You are immune to poison.
You resist negative energy. (rN+)
You are resistant to electric shocks. (rElec)
You are resistant to unholy torment.
You are immune to petrification.


Message History

Level annotation: Sigmund
There is a stone staircase leading down here.
Sigmund shouts!
Aiming: Sandblast (safe; 2% risk of failure)
Press: ? - help, Q - select action, (/) - cycle Shift-Dir - straight line, f - Sigmund
Aim: Sigmund, wielding a +0 scythe of venom and wearing a +0 robe (77% to hit)
The blast of sand misses Sigmund.
Aiming: Sandblast (safe; 2% risk of failure)
Press: ? - help, Q - select action, (/) - cycle Shift-Dir - straight line, f/p - Sigmund
Aim: Sigmund, wielding a +0 scythe of venom and wearing a +0 robe (77% to hit)
The blast of sand hits Sigmund.
Sigmund is moderately wounded.
Sigmund hits you from afar with a +0 scythe of venom.
Aiming: Sandblast (safe; 2% risk of failure)
Press: ? - help, Q - select action, (/) - cycle Shift-Dir - straight line, f/p - Sigmund
Aim: Sigmund, wielding a +0 scythe of venom and wearing a +0 robe (moderately wounded, 77% to hit)
The blast of sand hits Sigmund!
Sigmund is heavily wounded.
Sigmund casts a spell at you. The magic dart hits you!
Aiming: Sandblast (safe; 2% risk of failure)
Press: ? - help, Q - select action, (/) - cycle Shift-Dir - straight line, f/p - Sigmund
Aim: Sigmund, wielding a +0 scythe of venom and wearing a +0 robe (heavily wounded, 77% to hit)
The blast of sand hits Sigmund but does no damage.
Sigmund is heavily wounded.
Sigmund hits you from afar with a +0 scythe of venom.
* * * LOW HITPOINT WARNING * * *
Aiming: Sandblast (safe; 2% risk of failure)
Press: ? - help, Q - select action, (/) - cycle Shift-Dir - straight line, f/p - Sigmund
Aim: Sigmund, wielding a +0 scythe of venom and wearing a +0 robe (heavily wounded, 77% to hit)
The blast of sand hits Sigmund.
Sigmund is heavily wounded.
Aiming: Sandblast (safe; 2% risk of failure)
Press: ? - help, Q - select action, (/) - cycle Shift-Dir - straight line, f/p - Sigmund
Aim: Sigmund, wielding a +0 scythe of venom and wearing a +0 robe (heavily wounded, 77% to hit)
The blast of sand hits Sigmund but does no damage.
Sigmund is heavily wounded.
Sigmund casts a spell at you. The puff of flame hits you!
You die...

##..##.#.##.#.##.#.##.#.
##..##.#.##.#.##.##.#.#
##..##.#.##.#.###.#.##
########..##.#.##.#.#.#.##
#..........##.#.##.#.#.##
#.########..##.#.##.#.#####
#....##......##.#.##.####.#
#....###.....###.#.###.....
#....###..@....##...##.....
#......#....>#.###.###.....
######.#..@.........##.##.#
#.#.#.###.####.##.##.#
..........#.......##.#
##.#.##.#####.#.#####.#
..#.##. #.#.. #.# #..# # ##
# ..#. #.# ..# .....# #.#


You could see Sigmund.

Vanquished Creatures
  An ufetubus (D:4)
  A worm (D:2)
  An orc (D:2)
  4 endoplasms
  A giant cockroach (D:1)
  2 goblins
  5 hobgoblins
  2 jackals (D:2)
  5 kobolds
  2 quokkas
  5 ball pythons
  7 bats
  4 frilled lizards
  7 rats
47 creatures vanquished.

Notes
Turn   | Place    | Note
-------+----------+-------------------------------------------
     0 | D:1      | nickcage the Gargoyle Earth Elementalist began the quest
                  | for the Orb.
     0 | D:1      | Reached XP level 1. HP: 10/10 MP: 3/3
   384 | D:1      | Reached skill level 4 in Earth Magic
   401 | D:1      | Reached XP level 2. HP: 15/15 MP: 3/5
  1176 | D:1      | Reached XP level 3. HP: 19/19 MP: 6/6
  1492 | D:2      | Noticed Sigmund
  1919 | D:2      | Learned a level 3 spell: Stone Arrow
  3081 | D:4      | Reached skill level 5 in Earth Magic
  3081 | D:4      | Reached XP level 4. HP: 24/24 MP: 6/8
  3148 | D:2      | Killed from afar by Sigmund

Illustrated notes

Levels and vault maps discovered:
D:1:      erik_arrival_cave_to_civilisation [erik_arrival_cave_to_temple],
          layout_rooms, dk_noncrumbling_2, minmay_three_crescents
D:2:      minmay_inner_zag, layout_basic, shapermc_ecumenical_altar_notcrosses,
          uniq_sigmund
D:3:      layout_loops_corners
D:4:      layout_basic, gammafunk_ghost_smash, uniq_ijyb

Skill      XL: |  1  2  3 |
---------------+----------+-----
Earth Magic    | 4 5 |  5.0
Dodging        | |  1.5
Stealth        | |  2.1
Spellcasting   | |  2.8
Transmutations | |  0.7

Action                   |  1- 3 |  4- 6 || total
-------------------------+-------+-------++-------
Melee: Unarmed           |     1 |       ||     1
       Short sword       |    66 |       ||    66
 Cast: Sandblast         |    51 |     6 ||    57
  Use: Scroll            |     1 |       ||     1
 Stab: Sleeping          |     1 |       ||     1
Armor: Robe              |    33 |       ||    33
       Ring mail         |    10 |       ||    10
Dodge: Dodged            |    72 |       ||    72
